 Dungeon Crawl Stone Soup version 0.29-a0-416-g83a48905f1 (webtiles) character file.

Game seed: 8634378134841541346

402 croobank the Sneak (level 6, -6/38 HPs)
             Began as an Octopode Fire Elementalist on May 16, 2022.
             Was an Initiate of Gozag.
             Killed from afar by a white imp (11 damage)
             ... with a puff of frost
             ... on level 6 of the Dungeon.
             The game lasted 00:14:46 (3823 turns).

croobank the Sneak (Octopode Fire Elementalist)     Turns: 3823, Time: 00:14:49

Health: -6/38      AC:  1    Str:  7    XL:     6   Next: 85%
Magic:  10/10      EV: 14    Int: 20    God:    Gozag
Gold:   49         SH:  0    Dex: 12    Spells: 4/11 levels left

rFire   . . .      SeeInvis .   a - +1 halberd (protect)
rCold   . . .      Faith    .   (shield currently unavailable)
rNeg    . . .      Spirit   .   (helmet restricted)
rPois   .          Reflect  .   (no amulet)
rElec   .          Harm     .   k - ring of willpower
rCorr   .          Rampage  .   (no ring)
Will    +....                   (no ring)
Stlth   ++++......              (no ring)
HPRegen 0.12/turn               (no ring)
MPRegen 0.12/turn               (no ring)
                                (no ring)
                                (no ring)

@: about to teleport
A: almost no armour, amphibious, 8 rings, camouflage 1, gelatinous body 1,
(nimble swimmer 1), tentacles
a: Renounce Religion, Potion Petition, Call Merchant, Bribe Branch


You were on level 6 of the Dungeon.
You worshipped Gozag.
Gozag was noncommittal.
You visited 2 branches of the dungeon, and saw 6 of its levels.

You collected 119 gold pieces.
You paid 70 gold pieces to Gozag.

Inventory:

Hand Weapons
 a - a +1 halberd of protection (weapon)
 b - a +0 hunting sling
 d - a +0 short sword
 f - a +0 hand axe
 i - a +0 dagger
 n - a +0 flail
Missiles
 c - 160 stones (quivered)
Jewellery
 k - a ring of willpower (left tentacle)
Wands
 e - a wand of polymorph (9)
Scrolls
 s - 2 scrolls of amnesia
 t - a scroll of fog
Potions
 h - a potion of curing
 j - 2 potions of mutation
 o - a potion of magic


   Skills:
 + Level 1.6 Fighting
 + Level 3.5 Dodging
 + Level 4.8 Stealth
 + Level 3.2 Spellcasting
 + Level 2.9 Conjurations
 + Level 4.1 Fire Magic


You had 4 spell levels left.
You knew the following spells:

 Your Spells              Type           Power      Damage    Failure   Level
a - Foxfire               Conj/Fire      68%        2x1d7     3%          1
b - Scorch                Fire           38%        2d6       3%          2
c - Flame Wave            Conj/Fire      17%        2d6       32%         4

Your spell library contained the following spells:

 Spells                   Type           Power      Damage    Failure   Level
 Conjure Flame            Conj/Fire      17%        6-21      10%         3
 Inner Flame              Hex/Fire       11%        N/A       19%         3


Dungeon Overview and Level Annotations

Branches:
Dungeon (6/15)             Temple (1/1) D:6

Altars:
Cheibriados
Gozag
Hepliaklqana
Makhleb
Qazlal
Ru
Sif Muna
Xom
Yredelemnul
Zin

Shops:
D:1 =

Annotations:
D:4 Edmund
D:6 1 transporter


Innate Abilities, Weirdness & Mutations

You cannot wear most types of armour.
You are amphibious.
You can wear up to eight rings at the same time.
Your skin changes colour to match your surroundings (Stealth+).
Your rubbery body absorbs attacks. (AC +1, EV +1)
((You are camouflaged when in or above water. (Stealth+)))
You have tentacles for arms and can constrict up to eight enemies at once.


Message History

Magic restored.
You curl up in front of the altar of Gozag.
Gozag welcomes you!
You pay a service fee of 70 gold.
Okay, then.
There is a staircase back to the Dungeon here.
Okay, then.
You climb upwards.
Welcome back to the Dungeon!
Level annotation: 1 transporter The komodo dragon bites you!
The komodo dragon misses you.
There is a staircase to the Ecumenical Temple, spattered with blood here.
You see here a +0 giant spiked club.
Throw: throwing net
Press: ? - help, Q - select action, (/) - cycle Shift-Dir - straight line, f - komodo dragon
Aim: a komodo dragon (64% to hit)
You throw a throwing net.
The throwing net barely misses the komodo dragon.
The komodo dragon bites you!
* * * LOW HITPOINT WARNING * * *
Okay, then.
Okay, then.
Casting: Scorch (safe; 3% risk of failure)
Confirm with . or Enter, or press ? or * to list all spells.
Okay, then.
Okay, then.
Aiming: Polymorph
Press: ? - help, Shift-Dir - straight line, f/p - komodo dragon
Aim: a komodo dragon (will become a queen bee, a meliai, or a wind drake, chance to affect: 31%)
Okay, then.
Okay, then.
Casting: Scorch (safe; 3% risk of failure)
Confirm with . or Enter, or press ? or * to list all spells.
Okay, then.
As you read the scroll of teleportation, it crumbles to dust.
You feel strangely unstable.
The white imp picks up a beetle and eats it.
The white imp gestures at you. The puff of frost hits you!
You die...
Your body crumbles into a pile of gold.

##.# #...# #..#
##.###...###..########
#.
##...................#
#.
######.##..........#..
#. ................#.##
#. ##########....##..#
#. #....##...# #.
##...##....## #.
#######..#.###l@..# #.
##.......##.# #.....# #.
...########..#...##....#
#. ....### ##....##
#...# #. ###...# ..##.
#..# #. #####.#####.###5
$ ..# #.
......>......... .# #.
...##...####.#.. ### #.
.©........# .# ... ..#
#.


You could see a komodo dragon and a white imp.

Vanquished Creatures
  A sky beast (D:6)
  An ogre (D:6)
  A necrophage (D:6)
  Terence (D:3)
  3 adders
  4 gnolls
  A dart slug (D:3)
  An orc (D:3)
  7 bats
  6 endoplasms
  A giant cockroach (D:1)
  6 goblins
  7 hobgoblins
  4 jackals (D:3)
  4 quokkas
  3 ball pythons
  3 frilled lizards
  7 kobolds
  4 rats (D:1)
65 creatures vanquished.

Vanquished Creatures (others)
  86 foxfires
86 creatures vanquished.

Grand Total: 151 creatures vanquished

Notes
Turn   | Place    | Note
-------+----------+-------------------------------------------
     0 | D:1      | croobank the Octopode Fire Elementalist began the quest for
                  | the Orb.
     0 | D:1      | Reached XP level 1. HP: 11/11 MP: 3/3
   185 | D:1      | Found Weebulu's Jewellery Boutique.
   193 | D:1      | Reached XP level 2. HP: 17/17 MP: 1/5
   198 | D:1      | Learned a level 2 spell: Scorch
   792 | D:1      | Reached XP level 3. HP: 21/21 MP: 2/6
  1295 | D:1      | Reached XP level 4. HP: 10/27 MP: 0/7
  1661 | D:2      | Found a faded altar of an unknown god.
  2109 | D:3      | Reached XP level 5. HP: 30/31 MP: 9/9
  2152 | D:3      | Noticed Terence
  2164 | D:3      | Killed Terence
  2170 | D:3      | Identified the +1 helmet "Vylaecs" {rF- MP-9 Str+6 Stlth+}
  2558 | D:3      | Found a shimmering blue altar of Sif Muna.
  2830 | D:4      | Noticed Edmund
  3117 | D:4      | Learned a level 4 spell: Flame Wave
  3121 | D:4      | You fall into a shaft and drop 2 floors!
  3443 | D:6      | Noticed a sky beast
  3455 | D:6      | Killed a sky beast
  3456 | D:6      | Reached skill level 1 in Fighting
  3456 | D:6      | Reached XP level 6. HP: 31/38 MP: 1/10
  3525 | D:6      | Noticed a water moccasin
  3544 | D:6      | Found a transporter.
  3761 | D:6      | Found a staircase to the Ecumenical Temple.
  3764 | D:6      | Noticed a komodo dragon
  3771 | Temple   | Entered the Ecumenical Temple
  3816 | Temple   | Became a worshipper of Gozag Ym Sagoz the Greedy
  3823 | D:6      | Killed from afar by a white imp

Illustrated notes

Levels and vault maps discovered:
D:1:      dpeg_arrival_tiny_h, layout_loops_ring, serial_shops, shop,
          minmay_cut_off
D:2:      layout_basic, hellmonk_ecumenical_altar_blasted, skrybe_limestone_x
D:3:      layout_rooms, kennysheep_orc_sif_temple, dreamdust_wishing_well,
          uniq_terence
D:4:      layout_loops_corners, nemelex_spade_bored_becter,
          kennysheep_generic_room_2, uniq_edmund
D:6:      gammafunk_wand_slinger, layout_rooms, grunt_dithmenos_smoke,
          minmay_temple_entry_wispy, grunt_decor_mini_mirrors,
          minmay_misc_feat_cross, roderic_lattice_a, grunt_decor_clamped
Temple:   nicolae_temple_x_marks_the_god

Skill      XL: |  1  2  3  4  5  6 |
---------------+-------------------+-----
Stealth        | 3 4 |  4.8
Conjurations   | 2 |  2.9
Dodging        | 3 |  3.5
Fighting       | 1 |  1.6
Spellcasting   | 3 |  3.2
Fire Magic     | 4 |  4.1

Action                   |  1- 3 |  4- 6 || total
-------------------------+-------+-------++-------
Melee: Tentacles         |     3 |     6 ||     9
       Constrict         |     2 |     5 ||     7
       Short sword       |     1 |       ||     1
       Unarmed           |     1 |       ||     1
       Dagger            |     4 |       ||     4
       Halberd           |       |    27 ||    27
       Flail             |       |     5 ||     5
Throw: Throwing net      |       |     1 ||     1
 Cast: Foxfire           |    29 |    22 ||    51
       Scorch            |    16 |    25 ||    41
  Use: Scroll            |       |    10 ||    10
 Stab: Sleeping          |     1 |     3 ||     4
Armor: Skin              |       |     4 ||     4
Dodge: Dodged            |     9 |    29 ||    38

Table legend: (Time is in decaauts)
 A = Elapsed time spent in this place.
 B = Non-inter-level travel time spent in this place.
 C = Inter-level travel time spent in this place.
 D = Time resting spent in this place.
 E = Time spent auto-exploring this place.
 F = Levels seen in this place.
 G = Mean time per level.
                   A        B        C        D        E       F      G
               +--------+--------+--------+--------+--------+-----+--------+
         Total |   3838 |   3758 |     80 |   1057 |   2023 |   6 |  639.7 |
       Dungeon |   3788 |   3708 |     80 |   1016 |   2023 |   5 |  757.6 |
        Temple |     49 |     49 |      0 |     41 |      0 |   1 |   49.0 |
               +--------+--------+--------+--------+--------+-----+--------+

Top non-repeatable levels by time:
     D:1: 1251 daAuts
     D:3: 1024 daAuts
     D:2: 758 daAuts
     D:6: 652 daAuts
     D:4: 102 daAuts
  Temple: 49 daAuts
